Flames vs Sabres

Created - February 25, 2019 at 20:50

Goals
1 2 3 T
Flames 0 0 0 0
Sabres 0 1 1 2
Shots
1 2 3 T
Flames 8 10 5 23
Sabres 17 11 5 33

1st period

No Goal

Penalties :
Ilya Kovalchuk (Buf) for Diving (Minor) at 1:32, Darren Reid (Buf) for Roughing (Minor) at 7:35

2nd period

1. Sabres , Zach Bogosian 13 (Zack Kassian 29, Ilya Kovalchuk 29) at 17:03 (PP)

Penalties :
Peter Prucha (Cal) for Interference (Minor) at 5:08, Brad Marchand (Cal) for Cross-checking (Minor) at 16:46, Alexander Semin (Cal) for Roughing (Minor) at 17:46

3rd period

2. Sabres , Darren Reid 9 (Vincent Lecavalier 28, Evander Kane 37) at 5:10

Penalties :
Rob Scuderi (Buf) for Roughing (Double Minor) at 8:43

Goalie Stats

Pekka Rinne (Cal), 31 saves from 33 shots - (0.939), L, 11-19-2, 60:00 minutes
Robin Lehner (Buf), 23 saves from 23 shots - (1.000), W, 25-14-3, 60:00 minutes

Players Stats for Flames

Player Name              G  A  P  +/- PIM S  H  SB GA TA FO     MP     PP MP  PK MP  
------------------------------------------------------------------------------------
Alexander Semin          0  0  0   0  2   4  2  0  0  0  2/2    21:00   4:03   0:00 
Brad Marchand            0  0  0  -1  2   1  1  0  0  1  0/1    16:09   0:53   1:43 
Brendan Mikkelson        0  0  0   0  0   0  1  1  0  0  0/0    11:49   0:04   0:00 
Colin Wilson             0  0  0   0  0   2  1  0  1  0  2/3     9:49   0:32   0:00 
David Backes             0  0  0   0  0   3  3  0  1  1  1/1    20:45   4:03   0:00 
David Ullstrom           0  0  0   0  0   0  2  0  0  0  0/0    10:43   0:00   2:15 
Derek Meech              0  0  0   0  0   1  0  1  0  0  0/0    23:11   3:11   2:40 
Eric Staal               0  0  0   0  0   1  0  1  0  0  18/28  22:30   4:03   1:45 
Erik Johnson             0  0  0  -1  0   3  2  1  1  2  0/0    24:48   4:42   1:35 
Jonathan Ferland         0  0  0   0  0   1  1  0  1  0  0/0    10:36   0:00   0:47 
Kyle Palmieri            0  0  0   0  0   1  0  0  0  0  0/0     8:49   0:53   0:00 
Mikhail Grabovski        0  0  0   0  0   0  1  0  0  0  1/7    11:02   0:21   2:00 
Patrik Berglund          0  0  0  -1  0   2  2  0  0  0  9/15   15:48   3:01   0:00 
Peter Prucha             0  0  0  -1  2   1  1  2  0  0  0/0    16:21   3:01   0:00 
Sami Vatanen             0  0  0   0  0   0  0  1  2  0  0/0    14:46   3:11   0:00 
Steve Eminger            0  0  0   0  0   0  1  5  0  2  0/0    20:39   0:04   2:40 
Steve Regier             0  0  0   0  0   2  0  0  0  0  0/0    12:10   3:01   0:00 
Tom Poti                 0  0  0  -1  0   1  1  0  0  2  0/0    24:47   4:42   1:35 

Players Stats for Sabres

Player Name              G  A  P  +/- PIM S  H  SB GA TA FO     MP     PP MP  PK MP  
------------------------------------------------------------------------------------
Alexei Morozov           0  0  0   0  0   3  1  0  1  0  0/0    13:24   2:36   0:49 
Andrei Loktionov         0  0  0   0  0   4  2  0  1  0  9/20   19:24   2:36   1:21 
Brandon Sutter           0  0  0   0  0   1  1  0  0  0  3/9    12:02   0:00   3:47 
Darcy Hordichuk          0  0  0   0  0   1  0  0  1  0  0/0     7:57   0:00   0:25 
Darren Reid              1  0  1   1  2   1  3  0  0  0  1/1    16:24   0:00   2:34 
Evander Kane             0  1  1   1  0   6  4  2  2  1  1/2    20:30   2:36   3:05 
Ilya Kovalchuk           0  1  1   0  2   2  4  0  0  1  2/2    19:39   1:39   1:53 
Jakub Kindl              0  0  0   1  0   1  1  0  0  2  0/0    17:21   0:00   1:13 
Jared Cowen              0  0  0   1  0   2  1  0  0  0  0/0    24:01   2:57   3:58 
Mathew Dumba             0  0  0   0  0   0  2  1  0  0  0/0    17:08   1:18   2:55 
Matt Martin              0  0  0   0  0   0  1  1  0  1  0/0     9:22   0:00   0:00 
Michael Kostka           0  0  0   0  0   2  0  0  0  1  0/0    16:58   1:18   3:01 
Rob Scuderi              0  0  0   0  4   2  3  0  0  0  0/0    17:56   0:00   0:00 
Scottie Upshall          0  0  0   0  0   1  1  0  1  0  0/0     7:32   0:00   0:00 
Sean Monahan             0  0  0   0  0   0  0  0  0  0  1/7    12:18   1:39   0:00 
Vincent Lecavalier       0  1  1   1  0   4  0  1  1  0  7/16   16:56   0:00   2:49 
Zach Bogosian            1  0  1   0  0   3  4  2  1  0  0/0    25:49   2:57   3:58 
Zack Kassian             0  1  1   0  0   0  1  0  0  0  0/0    17:19   1:39   0:00 

3 Stars

1 - Robin Lehner (Buf)
2 - Zach Bogosian (Buf)
3 - Evander Kane (Buf)

Power Play

Flames - 0 on 4 Attempt(s) - 0.00%
Sabres - 1 on 3 Attempt(s) - 33.33%

Penalty Kill

Flames - 2 on 3 Attempt(s) - 66.67% - Score 0 goal in Penalty Kill
Sabres - 4 on 4 Attempt(s) - 100.00% - Score 0 goal in Penalty Kill

Team Stat

Flames - Hits : 19 - Faceoff Wins : 33 - Blocked Shots : 12 - Penalty Minutes : 6
Sabres - Hits : 29 - Faceoff Wins : 24 - Blocked Shots : 7 - Penalty Minutes : 8

Official

Referees : Unknown
Linesman : Unknown

Game Notes

No Game Note

Finance

Level 1 -- Attendance: 5460 (91.00%) -- Ticket Income $469,560
Level 2 -- Attendance: 4580 (91.60%) -- Ticket Income $251,900
Level 3 -- Attendance: 1885 (94.25%) -- Ticket Income $54,665
Level 4 -- Attendance: 3874 (96.85%) -- Ticket Income $89,102
Luxury Box -- Attendance: 926 (92.60%) -- Ticket Income $138,900
Game was played at the Duff Garden.
Total Attendance: 16725 (92.92%)
Total Ticket Income: $1,004,127
Other Income: $150,619
Total Income: $1,154,746

Flames

5 vs 5 Forward 
   Center                   Left Wing                Right Wing               Time % Phy DF OF 
 1 Eric Staal               Alexander Semin          David Backes             40     1   2  2  
 2 Patrik Berglund          Brad Marchand            Peter Prucha             33     1   2  2  
 3 Colin Wilson             Steve Regier             Jonathan Ferland         19     1   2  2  
 4 Mikhail Grabovski        David Ullstrom           Kyle Palmieri            8      1   2  2  

5 vs 5 Defense 
   Defense                  Defense                                           Time % Phy DF OF 
 1 Erik Johnson             Tom Poti                                          38     1   3  1  
 2 Derek Meech              Steve Eminger                                     29     1   3  1  
 3 Brendan Mikkelson        Sami Vatanen                                      23     1   3  1  
 4 Derek Meech              Steve Eminger                                     10     1   3  1  

PowerPlay Forward 
   Center                   Left Wing                Right Wing               Time % Phy DF OF 
 1 Eric Staal               Alexander Semin          David Backes             60     1   0  4  
 2 Patrik Berglund          Steve Regier             Peter Prucha             40     1   0  4  

PowerPlay Defense
   Defense                  Defense                                           Time % Phy DF OF 
 1 Erik Johnson             Tom Poti                                          60     1   1  3  
 2 Derek Meech              Sami Vatanen                                      40     1   1  3  

Penalty Kill 4 Players Forward 
   Center                   Wing                     Time % Phy DF OF 
 1 Mikhail Grabovski        Brad Marchand            50     1   4  0  
 2 Eric Staal               David Ullstrom           50     1   4  0  

Penalty Kill 4 Players Defense
   Defense                  Defense                  Time % Phy DF OF 
 1 Derek Meech              Steve Eminger            58     1   4  0  
 2 Erik Johnson             Tom Poti                 42     1   4  0  

Penalty Kill - 3 Players Forward 
   Forward                                           Time % Phy DF OF 
 1 Eric Staal                                        50     1   4  0  
 2 David Backes                                      50     1   4  0  

Penalty Kill - 3 Players Defense
   Defense                  Defense                  Time % Phy DF OF 
 1 Derek Meech              Steve Eminger            58     1   4  0  
 2 Erik Johnson             Tom Poti                 42     1   4  0  

4 vs 4 Forward 
   Center                   Wing                     Time % Phy DF OF 
 1 Eric Staal               David Backes             60     1   2  2  
 2 Patrik Berglund          Alexander Semin          40     1   2  2  

4 vs 4 Defense
   Defense                  Defense                  Time % Phy DF OF 
 1 Erik Johnson             Tom Poti                 60     1   2  2  
 2 Derek Meech              Steve Eminger            40     1   2  2  

Last Minutes Offensive
   Center                   Left Wing                Right Wing               Defense                  Defense                  
   Eric Staal               Alexander Semin          David Backes             Erik Johnson             Tom Poti                 

Last Minutes Defensive
   Center                   Left Wing                Right Wing               Defense                  Defense                  
   Eric Staal               Alexander Semin          David Backes             Derek Meech              Steve Eminger            

Goaltenders
Starting : Pekka Rinne              
Backup : Jonas Gustavsson         

Extra Forwards
Normal : Brad Marchand, Peter Prucha, Patrik Berglund - PP : Brad Marchand, Colin Wilson - PK : Jonathan Ferland
Extra Defensemen
Normal : Derek Meech, Steve Eminger, Sami Vatanen - PP : Sami Vatanen - PK : Erik Johnson, Brendan Mikkelson
Penalty Shots
Eric Staal, Alexander Semin, David Backes, Steve Regier, Patrik Berglund

Scratches
Jordin Tootoo (Healthy)

Sabres

5 vs 5 Forward 
   Center                   Left Wing                Right Wing               Time % Phy DF OF 
 1 Andrei Loktionov         Ilya Kovalchuk           Zack Kassian             34     0   1  4  
 2 Vincent Lecavalier       Evander Kane             Darren Reid              32     0   1  4  
 3 Sean Monahan             Matt Martin              Alexei Morozov           19     1   2  2  
 4 Brandon Sutter           Darcy Hordichuk          Scottie Upshall          15     1   2  2  

5 vs 5 Defense 
   Defense                  Defense                                           Time % Phy DF OF 
 1 Rob Scuderi              Zach Bogosian                                     41     2   2  1  
 2 Jakub Kindl              Jared Cowen                                       35     1   3  1  
 3 Michael Kostka           Mathew Dumba                                      24     1   4  0  
 4 Michael Kostka           Mathew Dumba                                      0      1   4  0  

PowerPlay Forward 
   Center                   Left Wing                Right Wing               Time % Phy DF OF 
 1 Sean Monahan             Ilya Kovalchuk           Zack Kassian             53     0   0  5  
 2 Andrei Loktionov         Evander Kane             Alexei Morozov           47     1   0  4  

PowerPlay Defense
   Defense                  Defense                                           Time % Phy DF OF 
 1 Zach Bogosian            Jared Cowen                                       53     0   1  4  
 2 Michael Kostka           Mathew Dumba                                      47     1   1  3  

Penalty Kill 4 Players Forward 
   Center                   Wing                     Time % Phy DF OF 
 1 Brandon Sutter           Darren Reid              55     1   4  0  
 2 Vincent Lecavalier       Ilya Kovalchuk           45     1   4  0  

Penalty Kill 4 Players Defense
   Defense                  Defense                  Time % Phy DF OF 
 1 Jared Cowen              Zach Bogosian            55     1   4  0  
 2 Mathew Dumba             Michael Kostka           45     1   4  0  

Penalty Kill - 3 Players Forward 
   Forward                                           Time % Phy DF OF 
 1 Brandon Sutter                                    60     0   5  0  
 2 Scottie Upshall                                   40     0   5  0  

Penalty Kill - 3 Players Defense
   Defense                  Defense                  Time % Phy DF OF 
 1 Rob Scuderi              Jared Cowen              60     1   4  0  
 2 Mathew Dumba             Zach Bogosian            40     1   4  0  

4 vs 4 Forward 
   Center                   Wing                     Time % Phy DF OF 
 1 Vincent Lecavalier       Darren Reid              50     0   2  3  
 2 Andrei Loktionov         Scottie Upshall          50     0   1  4  

4 vs 4 Defense
   Defense                  Defense                  Time % Phy DF OF 
 1 Michael Kostka           Jared Cowen              50     0   4  1  
 2 Mathew Dumba             Rob Scuderi              50     0   4  1  

Last Minutes Offensive
   Center                   Left Wing                Right Wing               Defense                  Defense                  
   Andrei Loktionov         Evander Kane             Zack Kassian             Zach Bogosian            Jared Cowen              

Last Minutes Defensive
   Center                   Left Wing                Right Wing               Defense                  Defense                  
   Brandon Sutter           Evander Kane             Zack Kassian             Zach Bogosian            Jared Cowen              

Goaltenders
Starting : Robin Lehner             
Backup : Jonas Hiller             

Extra Forwards
Normal : Brandon Sutter, Andrei Loktionov, Sean Monahan - PP : Ilya Kovalchuk, Sean Monahan - PK : Brandon Sutter
Extra Defensemen
Normal : Zach Bogosian, Jared Cowen, Mathew Dumba - PP : Zach Bogosian - PK : Rob Scuderi, Jared Cowen
Penalty Shots
Evander Kane, Vincent Lecavalier, Sean Monahan, Zack Kassian, Scottie Upshall

Scratches
Brad Richardson (Healthy), Michael Frolik (Sore Left Knee Injury)

% Time on Ice - Flames

Lines # - Real PCT - Wanted PCT - Time Play
Normal Forward
1 - 35% - 40% - 16:33
2 - 29% - 33% - 13:46
3 - 19% - 19% - 9:15
4 - 17% - 8% - 8:14
Normal Defense
1 - 38% - 38% - 18:05
2 - 34% - 29% - 16:15
3 - 22% - 23% - 10:33
4 - 6% - 10% - 2:55
PP Forward
1 - 58% - 60% - 4:37
2 - 42% - 40% - 3:20
PP Defense
1 - 59% - 60% - 4:42
2 - 41% - 40% - 3:15
PK Forward
1 - 47% - 50% - 2:00
2 - 53% - 50% - 2:15
PK Defense
1 - 63% - 58% - 2:40
2 - 37% - 42% - 1:35
PK3 Forward
1 - 0% - 50%
2 - 0% - 50%
PK3 Defense
1 - 0% - 58%
2 - 0% - 42%
44 Forward
1 - 0% - 60%
2 - 0% - 40%
44 Defense
1 - 0% - 60%
2 - 0% - 40%
Last Minute Offensive  - 0:00
Last Minute Defensive  - 0:00
Total
Forward - 60:00
Defense - 60:00

% Time on Ice - Sabres

Lines # - Real PCT - Wanted PCT - Time Play
Normal Forward
1 - 33% - 34% - 15:50
2 - 32% - 32% - 15:04
3 - 20% - 19% - 9:22
4 - 16% - 15% - 7:32
Normal Defense
1 - 39% - 41% - 18:48
2 - 36% - 35% - 17:03
3 - 25% - 24% - 11:57
4 - 0% - 0% - 0:00
PP Forward
1 - 39% - 53% - 1:39
2 - 61% - 47% - 2:36
PP Defense
1 - 69% - 53% - 2:57
2 - 31% - 47% - 1:18
PK Forward
1 - 65% - 55% - 5:08
2 - 35% - 45% - 2:49
PK Defense
1 - 60% - 55% - 4:47
2 - 40% - 45% - 3:10
PK3 Forward
1 - 0% - 60%
2 - 0% - 40%
PK3 Defense
1 - 0% - 60%
2 - 0% - 40%
44 Forward
1 - 0% - 50%
2 - 0% - 50%
44 Defense
1 - 0% - 50%
2 - 0% - 50%
Last Minute Offensive  - 0:00
Last Minute Defensive  - 0:00
Total
Forward - 60:00
Defense - 60:00

Play-by-Play

1st period


0:01 of 1st period - Ilya Kovalchuk wins face-off versus Eric Staal in neutral zone.
0:08 of 1st period - Snap shot by Ilya Kovalchuk.
0:08 of 1st period - Stopped by Pekka Rinne with a rebound.
1:29 of 1st period - Slapshot by Alexander Semin.
1:29 of 1st period - Stopped by Robin Lehner without a rebound.
1:30 of 1st period - Andrei Loktionov wins face-off versus Eric Staal in Sabres zone.
1:32 of 1st period - Minor Penalty to Ilya Kovalchuk for Diving.
1:33 of 1st period - Eric Staal wins face-off versus Brandon Sutter in Sabres zone.
1:39 of 1st period - Slapshot by Eric Staal.
1:39 of 1st period - Shot Misses the Net.
1:41 of 1st period - Slapshot by Erik Johnson.
1:41 of 1st period - Stopped by Robin Lehner with a rebound.
1:59 of 1st period - David Backes is hit by Zach Bogosian and loses puck.
2:08 of 1st period - Snap shot by David Backes.
2:08 of 1st period - Shot Misses the Net.
2:10 of 1st period - Wrist shot by Eric Staal.
2:10 of 1st period - Deflect By David Backes.
2:10 of 1st period - Shot Misses the Net.
2:10 of 1st period - Puck is out of play.
2:11 of 1st period - Patrik Berglund wins face-off versus Brandon Sutter in Sabres zone.
2:41 of 1st period - Mathew Dumba is hit by Alexander Semin and loses puck.
3:32 of 1st period - Penalty to Ilya Kovalchuk is over, Ilya Kovalchuk is back on ice.
3:59 of 1st period - Off-side.
4:00 of 1st period - Colin Wilson wins face-off versus Sean Monahan in neutral zone.
4:03 of 1st period - Rob Scuderi is hit by Jonathan Ferland and loses puck.
4:22 of 1st period - Brendan Mikkelson is hit by Andrei Loktionov and loses puck.
4:29 of 1st period - Snap shot by Andrei Loktionov.
4:29 of 1st period - Stopped by Pekka Rinne without a rebound.
4:30 of 1st period - Brandon Sutter wins face-off versus Eric Staal in Flames zone.
4:37 of 1st period - Wrist shot by Alexander Semin.
4:37 of 1st period - Shot Misses the Net.
4:42 of 1st period - Off-side.
4:43 of 1st period - Eric Staal wins face-off versus Andrei Loktionov in neutral zone.
5:00 of 1st period - Snap shot by Zack Kassian.
5:00 of 1st period - Shot Misses the Net.
5:11 of 1st period - Off-side.
5:12 of 1st period - Vincent Lecavalier wins face-off versus Patrik Berglund in neutral zone.
5:19 of 1st period - Snap shot by Vincent Lecavalier.
5:19 of 1st period - Stopped by Pekka Rinne without a rebound.
5:20 of 1st period - Vincent Lecavalier wins face-off versus Eric Staal in Flames zone.
5:39 of 1st period - David Backes is hit by Evander Kane and loses puck.
6:18 of 1st period - Snap shot by Steve Regier.
6:18 of 1st period - Stopped by Robin Lehner without a rebound.
6:19 of 1st period - Colin Wilson wins face-off versus Sean Monahan in Sabres zone.
6:24 of 1st period - Wrist shot by Colin Wilson.
6:24 of 1st period - Deflect By Steve Regier.
6:24 of 1st period - Shot Misses the Net.
6:24 of 1st period - Puck is out of play.
6:25 of 1st period - Eric Staal wins face-off versus Sean Monahan in Sabres zone.
6:26 of 1st period - Wrist shot by David Backes.
6:26 of 1st period - Shot Misses the Net.
6:50 of 1st period - Wrist shot by Patrik Berglund.
6:50 of 1st period - Stopped by Robin Lehner with a rebound.
7:32 of 1st period - Slapshot by Brad Marchand.
7:32 of 1st period - Deflect By Patrik Berglund.
7:32 of 1st period - Stopped by Robin Lehner without a rebound.
7:33 of 1st period - Vincent Lecavalier wins face-off versus Eric Staal in Sabres zone.
7:35 of 1st period - Minor Penalty to Darren Reid for Roughing.
7:36 of 1st period - Eric Staal wins face-off versus Brandon Sutter in Sabres zone.
7:38 of 1st period - Snap shot by David Backes.
7:38 of 1st period - Shot Misses the Net.
7:44 of 1st period - Slapshot by Brandon Sutter.
7:44 of 1st period - Stopped by Pekka Rinne with a rebound.
7:48 of 1st period - Wrist shot by Evander Kane.
7:48 of 1st period - Stopped by Pekka Rinne with a rebound.
7:50 of 1st period - Slapshot by Jared Cowen.
7:50 of 1st period - Deflect By Evander Kane.
7:50 of 1st period - Shot Misses the Net.
7:50 of 1st period - Puck is out of play.
7:51 of 1st period - Eric Staal wins face-off versus Brandon Sutter in Flames zone.
9:35 of 1st period - Penalty to Darren Reid is over, Darren Reid is back on ice.
10:09 of 1st period - Mikhail Grabovski is hit by Ilya Kovalchuk and loses puck.
10:18 of 1st period - Derek Meech is hit by Mathew Dumba and loses puck.
10:33 of 1st period - David Ullstrom is hit by Darren Reid and loses puck.
10:44 of 1st period - Darcy Hordichuk is hit by Brendan Mikkelson and loses puck.
10:59 of 1st period - Snap shot by Alexei Morozov.
10:59 of 1st period - Stopped by Pekka Rinne without a rebound.
11:00 of 1st period - Patrik Berglund wins face-off versus Sean Monahan in Flames zone.
11:29 of 1st period - Icing by Zach Bogosian.
11:30 of 1st period - Andrei Loktionov wins face-off versus Eric Staal in Sabres zone.
12:03 of 1st period - Wrist shot by Zack Kassian.
12:03 of 1st period - Shot Misses the Net.
12:05 of 1st period - Slapshot by Rob Scuderi.
12:05 of 1st period - Stopped by Pekka Rinne with a rebound.
12:07 of 1st period - Slapshot by Zach Bogosian.
12:07 of 1st period - Stopped by Pekka Rinne with a rebound.
12:13 of 1st period - Snap shot by Zack Kassian.
12:13 of 1st period - Shot Misses the Net.
12:17 of 1st period - Snap shot by Ilya Kovalchuk.
12:17 of 1st period - Stopped by Pekka Rinne with a rebound.
12:19 of 1st period - Wrist shot by Ilya Kovalchuk.
12:19 of 1st period - Shot Misses the Net.
12:21 of 1st period - Snap shot by Rob Scuderi.
12:21 of 1st period - Stopped by Pekka Rinne without a rebound.
12:22 of 1st period - Vincent Lecavalier wins face-off versus Eric Staal in Flames zone.
12:35 of 1st period - Slapshot by Vincent Lecavalier.
12:35 of 1st period - Stopped by Pekka Rinne without a rebound.
12:36 of 1st period - Eric Staal wins face-off versus Vincent Lecavalier in Flames zone.
13:03 of 1st period - Darren Reid is hit by Patrik Berglund and loses puck.
13:22 of 1st period - Snap shot by Zach Bogosian.
13:22 of 1st period - Deflect By Darren Reid.
13:22 of 1st period - Shot Blocked by Erik Johnson.
13:22 of 1st period - Puck is out of play.
13:23 of 1st period - Andrei Loktionov wins face-off versus Colin Wilson in Flames zone.
13:30 of 1st period - Snap shot by Steve Regier.
13:30 of 1st period - Shot Misses the Net.
13:32 of 1st period - Snap shot by Steve Regier.
13:32 of 1st period - Stopped by Robin Lehner without a rebound.
13:33 of 1st period - Eric Staal wins face-off versus Andrei Loktionov in Sabres zone.
15:14 of 1st period - Rob Scuderi is hit by Erik Johnson and loses puck.
15:21 of 1st period - Ilya Kovalchuk is hit by David Ullstrom and loses puck.
16:25 of 1st period - Snap shot by Alexei Morozov.
16:25 of 1st period - Stopped by Pekka Rinne with a rebound.
16:45 of 1st period - Mikhail Grabovski is hit by Zack Kassian and loses puck.
17:05 of 1st period - Wrist shot by Jared Cowen.
17:05 of 1st period - Stopped by Pekka Rinne with a rebound.
17:07 of 1st period - Wrist shot by Evander Kane.
17:07 of 1st period - Shot Misses the Net.
17:09 of 1st period - Snap shot by Evander Kane.
17:09 of 1st period - Shot Blocked by Brendan Mikkelson.
17:11 of 1st period - Slapshot by Jared Cowen.
17:11 of 1st period - Deflect By Vincent Lecavalier.
17:11 of 1st period - Stopped by Pekka Rinne with a rebound.
17:17 of 1st period - Wrist shot by Evander Kane.
17:17 of 1st period - Shot Misses the Net.
17:27 of 1st period - Slapshot by Michael Kostka.
17:27 of 1st period - Stopped by Pekka Rinne with a rebound.
17:29 of 1st period - Slapshot by Mathew Dumba.
17:29 of 1st period - Shot Blocked by Sami Vatanen.
17:53 of 1st period - Snap shot by Eric Staal.
17:53 of 1st period - Shot Misses the Net.
17:55 of 1st period - Snap shot by Eric Staal.
17:55 of 1st period - Shot Misses the Net.
17:57 of 1st period - Wrist shot by Eric Staal.
17:57 of 1st period - Deflect By Alexander Semin.
17:57 of 1st period - Stopped by Robin Lehner without a rebound.
17:58 of 1st period - Patrik Berglund wins face-off versus Vincent Lecavalier in Sabres zone.
18:09 of 1st period - Snap shot by Vincent Lecavalier.
18:09 of 1st period - Stopped by Pekka Rinne with a rebound.
18:38 of 1st period - Icing by Mathew Dumba.
18:39 of 1st period - Patrik Berglund wins face-off versus Andrei Loktionov in Sabres zone.
19:28 of 1st period - Wrist shot by Colin Wilson.
19:28 of 1st period - Deflect By Steve Regier.
19:28 of 1st period - Shot Blocked by Mathew Dumba.
19:28 of 1st period - Puck is out of play.
19:29 of 1st period - Patrik Berglund wins face-off versus Vincent Lecavalier in Sabres zone.
19:32 of 1st period - Slapshot by Peter Prucha.
19:32 of 1st period - Stopped by Robin Lehner without a rebound.
19:33 of 1st period - Vincent Lecavalier wins face-off versus Patrik Berglund in Sabres zone.
19:38 of 1st period - Slapshot by Zach Bogosian.
19:38 of 1st period - Shot Misses the Net.
19:42 of 1st period - Wrist shot by Vincent Lecavalier.
19:42 of 1st period - Shot Misses the Net.
19:44 of 1st period - Snap shot by Evander Kane.
19:44 of 1st period - Stopped by Pekka Rinne with a rebound.
19:46 of 1st period - Wrist shot by Evander Kane.
19:46 of 1st period - Deflect By Vincent Lecavalier.
19:46 of 1st period - Shot Misses the Net.
19:46 of 1st period - Puck is out of play.
19:47 of 1st period - Eric Staal wins face-off versus Vincent Lecavalier in Flames zone.
19:47 of 1st period - Eric Staal is hit by Zach Bogosian.
Goals for this period are 0 for Flames vs 0 for Sabres.
Shots for this period are 8 for Flames vs 17 for Sabres.

2nd period


0:01 of 2nd period - Eric Staal wins face-off versus Vincent Lecavalier in neutral zone.
0:16 of 2nd period - Slapshot by Evander Kane.
0:16 of 2nd period - Shot Misses the Net.
0:25 of 2nd period - Icing by Derek Meech.
0:26 of 2nd period - Andrei Loktionov wins face-off versus Patrik Berglund in Flames zone.
0:51 of 2nd period - Eric Staal is hit by Rob Scuderi.
0:59 of 2nd period - Wrist shot by Evander Kane.
0:59 of 2nd period - Stopped by Pekka Rinne with a rebound.
1:23 of 2nd period - Slapshot by Tom Poti.
1:23 of 2nd period - Stopped by Robin Lehner without a rebound.
1:24 of 2nd period - Patrik Berglund wins face-off versus Andrei Loktionov in Sabres zone.
1:35 of 2nd period - Wrist shot by Michael Kostka.
1:35 of 2nd period - Deflect By Peter Prucha.
1:35 of 2nd period - Stopped by Pekka Rinne with a rebound.
1:37 of 2nd period - Slapshot by Michael Kostka.
1:37 of 2nd period - Shot Blocked by Steve Eminger.
2:03 of 2nd period - Wrist shot by Eric Staal.
2:03 of 2nd period - Shot Blocked by Zach Bogosian.
2:21 of 2nd period - Snap shot by Kyle Palmieri.
2:21 of 2nd period - Stopped by Robin Lehner without a rebound.
2:22 of 2nd period - Brandon Sutter wins face-off versus Mikhail Grabovski in Sabres zone.
2:22 of 2nd period - Brandon Sutter is hit by Tom Poti.
2:46 of 2nd period - Wrist shot by Darcy Hordichuk.
2:46 of 2nd period - Deflect By Scottie Upshall.
2:46 of 2nd period - Stopped by Pekka Rinne with a rebound.
2:52 of 2nd period - Wrist shot by Darcy Hordichuk.
2:52 of 2nd period - Stopped by Pekka Rinne without a rebound.
2:53 of 2nd period - Vincent Lecavalier wins face-off versus Eric Staal in Flames zone.
2:54 of 2nd period - Snap shot by Evander Kane.
2:54 of 2nd period - Shot Misses the Net.
2:56 of 2nd period - Wrist shot by Vincent Lecavalier.
2:56 of 2nd period - Shot Blocked by Steve Eminger.
2:58 of 2nd period - Backhand shot by Mathew Dumba.
2:58 of 2nd period - Deflect By Vincent Lecavalier.
2:58 of 2nd period - Shot Misses the Net.
2:58 of 2nd period - Puck is out of play.
2:59 of 2nd period - Eric Staal wins face-off versus Evander Kane in Flames zone.
3:26 of 2nd period - Peter Prucha is hit by Rob Scuderi.
3:50 of 2nd period - Snap shot by Steve Regier.
3:50 of 2nd period - Shot Misses the Net.
4:34 of 2nd period - Michael Kostka is hit by David Backes and loses puck.
4:49 of 2nd period - Brad Marchand is hit by Mathew Dumba and loses puck.
5:08 of 2nd period - Minor Penalty to Peter Prucha for Interference.
5:09 of 2nd period - Eric Staal wins face-off versus Sean Monahan in Flames zone.
5:20 of 2nd period - Snap shot by Zack Kassian.
5:20 of 2nd period - Shot Misses the Net.
5:22 of 2nd period - Slapshot by Jared Cowen.
5:22 of 2nd period - Shot Blocked by Eric Staal.
5:24 of 2nd period - Snap shot by Zach Bogosian.
5:24 of 2nd period - Shot Blocked by Steve Eminger.
5:38 of 2nd period - Backhand shot by Zach Bogosian.
5:38 of 2nd period - Deflect By Evander Kane.
5:38 of 2nd period - Shot Blocked by Steve Eminger.
5:38 of 2nd period - Puck is out of play.
5:39 of 2nd period - Evander Kane wins face-off versus Mikhail Grabovski in Flames zone.
5:48 of 2nd period - Snap shot by Evander Kane.
5:48 of 2nd period - Stopped by Pekka Rinne without a rebound.
5:49 of 2nd period - Andrei Loktionov wins face-off versus Mikhail Grabovski in Flames zone.
6:56 of 2nd period - Wrist shot by Sean Monahan.
6:56 of 2nd period - Deflect By David Ullstrom.
6:56 of 2nd period - Shot Misses the Net.
6:56 of 2nd period - Puck is out of play.
6:57 of 2nd period - Eric Staal wins face-off versus Sean Monahan in Flames zone.
7:08 of 2nd period - Penalty to Peter Prucha is over, Peter Prucha is back on ice.
7:08 of 2nd period - Snap shot by Brad Marchand.
7:08 of 2nd period - Shot Blocked by Zach Bogosian.
7:32 of 2nd period - Snap shot by Sean Monahan.
7:32 of 2nd period - Shot Misses the Net.
7:34 of 2nd period - Slapshot by Jakub Kindl.
7:34 of 2nd period - Stopped by Pekka Rinne without a rebound.
7:35 of 2nd period - Eric Staal wins face-off versus Brandon Sutter in Flames zone.
7:58 of 2nd period - Jonathan Ferland is hit by Darren Reid and loses puck.
8:17 of 2nd period - Colin Wilson is hit by Ilya Kovalchuk and loses puck.
8:40 of 2nd period - Snap shot by Steve Regier.
8:40 of 2nd period - Deflect By Colin Wilson.
8:40 of 2nd period - Stopped by Robin Lehner with a rebound.
8:42 of 2nd period - Wrist shot by Jonathan Ferland.
8:42 of 2nd period - Shot Misses the Net.
8:44 of 2nd period - Wrist shot by Jonathan Ferland.
8:44 of 2nd period - Stopped by Robin Lehner with a rebound.
8:54 of 2nd period - Wrist shot by Colin Wilson.
8:54 of 2nd period - Stopped by Robin Lehner without a rebound.
8:55 of 2nd period - Eric Staal wins face-off versus Vincent Lecavalier in Sabres zone.
8:58 of 2nd period - Snap shot by Alexander Semin.
8:58 of 2nd period - Stopped by Robin Lehner with a rebound.
9:22 of 2nd period - Erik Johnson is hit by Ilya Kovalchuk and loses puck.
9:37 of 2nd period - Patrik Berglund is hit by Ilya Kovalchuk and loses puck.
9:50 of 2nd period - Snap shot by Brandon Sutter.
9:50 of 2nd period - Shot Misses the Net.
11:36 of 2nd period - Matt Martin is hit by David Ullstrom and loses puck.
11:53 of 2nd period - Derek Meech is hit by Evander Kane and loses puck.
12:40 of 2nd period - Zach Bogosian is hit by Alexander Semin and loses puck.
13:11 of 2nd period - Slapshot by Erik Johnson.
13:11 of 2nd period - Shot Blocked by Evander Kane.
13:19 of 2nd period - Icing by Peter Prucha.
13:20 of 2nd period - Patrik Berglund wins face-off versus Andrei Loktionov in Flames zone.
13:31 of 2nd period - Backhand shot by Brad Marchand.
13:31 of 2nd period - Stopped by Robin Lehner without a rebound.
13:32 of 2nd period - David Backes wins face-off versus Vincent Lecavalier in Sabres zone.
13:33 of 2nd period - Wrist shot by Eric Staal.
13:33 of 2nd period - Stopped by Robin Lehner with a rebound.
15:04 of 2nd period - Icing by David Backes.
15:05 of 2nd period - Vincent Lecavalier wins face-off versus Eric Staal in Flames zone.
15:14 of 2nd period - Snap shot by Evander Kane.
15:14 of 2nd period - Stopped by Pekka Rinne with a rebound.
15:34 of 2nd period - Wrist shot by Alexander Semin.
15:34 of 2nd period - Stopped by Robin Lehner without a rebound.
15:35 of 2nd period - Andrei Loktionov wins face-off versus Patrik Berglund in Sabres zone.
15:35 of 2nd period - Andrei Loktionov is hit by Brad Marchand.
16:46 of 2nd period - Minor Penalty to Brad Marchand for Cross-checking.
16:47 of 2nd period - Ilya Kovalchuk wins face-off versus Mikhail Grabovski in Flames zone.
17:03 of 2nd period - Slapshot by Zach Bogosian.
17:03 of 2nd period - Goal by Zach Bogosian - Flames : 0 - Sabres : 1.
17:04 of 2nd period - Eric Staal wins face-off versus Andrei Loktionov in neutral zone.
17:07 of 2nd period - Jakub Kindl is hit by Erik Johnson and loses puck.
17:12 of 2nd period - Snap shot by David Backes.
17:12 of 2nd period - Stopped by Robin Lehner without a rebound.
17:13 of 2nd period - Andrei Loktionov wins face-off versus Eric Staal in Sabres zone.
17:13 of 2nd period - Andrei Loktionov is hit by David Backes.
17:46 of 2nd period - Minor Penalty to Alexander Semin for Roughing.
17:47 of 2nd period - Andrei Loktionov wins face-off versus Mikhail Grabovski in Flames zone.
17:55 of 2nd period - David Ullstrom is hit by Alexei Morozov and loses puck.
19:38 of 2nd period - Slapshot by Evander Kane.
19:38 of 2nd period - Shot Blocked by Steve Eminger.
19:40 of 2nd period - Slapshot by Zach Bogosian.
19:40 of 2nd period - Stopped by Pekka Rinne with a rebound.
19:42 of 2nd period - Slapshot by Andrei Loktionov.
19:42 of 2nd period - Stopped by Pekka Rinne with a rebound.
19:44 of 2nd period - Slapshot by Jared Cowen.
19:44 of 2nd period - Stopped by Pekka Rinne with a rebound.
19:46 of 2nd period - Penalty to Alexander Semin is over, Alexander Semin is back on ice.
Goals for this period are 0 for Flames vs 1 for Sabres.
Shots for this period are 10 for Flames vs 11 for Sabres.

3rd period


0:01 of 3rd period - Alexander Semin wins face-off versus Andrei Loktionov in neutral zone.
0:26 of 3rd period - Brad Marchand is hit by Darren Reid and loses puck.
1:08 of 3rd period - Off-side.
1:09 of 3rd period - Brandon Sutter wins face-off versus Mikhail Grabovski in neutral zone.
2:08 of 3rd period - Snap shot by Matt Martin.
2:08 of 3rd period - Shot Misses the Net.
4:07 of 3rd period - Snap shot by Mikhail Grabovski.
4:07 of 3rd period - Shot Misses the Net.
4:13 of 3rd period - Sami Vatanen is hit by Jakub Kindl and loses puck.
4:36 of 3rd period - Slapshot by David Backes.
4:36 of 3rd period - Stopped by Robin Lehner with a rebound.
5:06 of 3rd period - Slapshot by Evander Kane.
5:06 of 3rd period - Shot Blocked by Peter Prucha.
5:08 of 3rd period - Slapshot by Vincent Lecavalier.
5:08 of 3rd period - Shot Misses the Net.
5:10 of 3rd period - Slapshot by Darren Reid.
5:10 of 3rd period - Goal by Darren Reid - Flames : 0 - Sabres : 2.
5:11 of 3rd period - Eric Staal wins face-off versus Andrei Loktionov in neutral zone.
5:51 of 3rd period - Slapshot by Erik Johnson.
5:51 of 3rd period - Stopped by Robin Lehner with a rebound.
6:15 of 3rd period - Wrist shot by Alexander Semin.
6:15 of 3rd period - Shot Blocked by Matt Martin.
6:17 of 3rd period - Snap shot by Erik Johnson.
6:17 of 3rd period - Stopped by Robin Lehner with a rebound.
6:19 of 3rd period - Snap shot by David Backes.
6:19 of 3rd period - Stopped by Robin Lehner without a rebound.
6:20 of 3rd period - Darren Reid wins face-off versus Patrik Berglund in Sabres zone.
6:31 of 3rd period - Snap shot by Evander Kane.
6:31 of 3rd period - Stopped by Pekka Rinne without a rebound.
6:32 of 3rd period - Patrik Berglund wins face-off versus Vincent Lecavalier in Flames zone.
6:32 of 3rd period - Patrik Berglund is hit by Evander Kane.
6:54 of 3rd period - Zach Bogosian is hit by Peter Prucha and loses puck.
7:09 of 3rd period - Wrist shot by Evander Kane.
7:09 of 3rd period - Shot Misses the Net.
7:11 of 3rd period - Backhand shot by Zach Bogosian.
7:11 of 3rd period - Shot Misses the Net.
7:13 of 3rd period - Wrist shot by Andrei Loktionov.
7:13 of 3rd period - Stopped by Pekka Rinne without a rebound.
7:14 of 3rd period - Mikhail Grabovski wins face-off versus Andrei Loktionov in Flames zone.
7:56 of 3rd period - Backhand shot by Andrei Loktionov.
7:56 of 3rd period - Stopped by Pekka Rinne without a rebound.
7:57 of 3rd period - Alexander Semin wins face-off versus Vincent Lecavalier in Flames zone.
8:04 of 3rd period - Darren Reid is hit by Steve Eminger and loses puck.
8:30 of 3rd period - Snap shot by David Backes.
8:30 of 3rd period - Shot Blocked by Vincent Lecavalier.
8:32 of 3rd period - Slapshot by Derek Meech.
8:32 of 3rd period - Shot Blocked by Evander Kane.
8:34 of 3rd period - Wrist shot by Derek Meech.
8:34 of 3rd period - Stopped by Robin Lehner without a rebound.
8:35 of 3rd period - Patrik Berglund wins face-off versus Andrei Loktionov in Sabres zone.
8:40 of 3rd period - Wrist shot by Brad Marchand.
8:40 of 3rd period - Deflect By Peter Prucha.
8:40 of 3rd period - Shot Misses the Net.
8:40 of 3rd period - Puck is out of play.
8:41 of 3rd period - Andrei Loktionov wins face-off versus Patrik Berglund in Sabres zone.
8:43 of 3rd period - Double Minor Penalty to Rob Scuderi for Roughing.
8:44 of 3rd period - Eric Staal wins face-off versus Brandon Sutter in Sabres zone.
8:56 of 3rd period - Darren Reid is hit by David Backes and loses puck.
9:31 of 3rd period - David Backes is hit by Zach Bogosian and loses puck.
10:40 of 3rd period - Peter Prucha is hit by Evander Kane and loses puck.
12:43 of 3rd period - Penalty to Rob Scuderi is over, Rob Scuderi is back on ice.
14:27 of 3rd period - Sami Vatanen is hit by Rob Scuderi and loses puck.
16:02 of 3rd period - Derek Meech is hit by Andrei Loktionov and loses puck.
16:23 of 3rd period - Evander Kane is hit by Mikhail Grabovski and loses puck.
16:36 of 3rd period - Patrik Berglund is hit by Zach Bogosian and loses puck.
16:43 of 3rd period - David Backes is hit by Matt Martin and loses puck.
16:50 of 3rd period - Zach Bogosian is hit by Patrik Berglund and loses puck.
17:03 of 3rd period - Ilya Kovalchuk is hit by Colin Wilson and loses puck.
17:53 of 3rd period - Derek Meech is hit by Jared Cowen.
18:21 of 3rd period - Icing by Alexander Semin.
18:22 of 3rd period - Sean Monahan wins face-off versus Brad Marchand in Flames zone.
18:50 of 3rd period - Snap shot by Colin Wilson.
18:50 of 3rd period - Shot Misses the Net.
18:52 of 3rd period - Slapshot by Jonathan Ferland.
18:52 of 3rd period - Shot Misses the Net.
19:02 of 3rd period - Snap shot by Ilya Kovalchuk.
19:02 of 3rd period - Shot Blocked by Derek Meech.
19:22 of 3rd period - Snap shot by Alexei Morozov.
19:22 of 3rd period - Shot Misses the Net.
19:24 of 3rd period - Snap shot by Alexei Morozov.
19:24 of 3rd period - Stopped by Pekka Rinne with a rebound.
19:34 of 3rd period - Brad Marchand is hit by Brandon Sutter.
19:38 of 3rd period - Derek Meech is hit by Scottie Upshall and loses puck.
19:53 of 3rd period - Wrist shot by Zack Kassian.
19:53 of 3rd period - Deflect By Andrei Loktionov.
19:53 of 3rd period - Shot Blocked by Peter Prucha.
19:53 of 3rd period - Puck is out of play.
19:54 of 3rd period - Eric Staal wins face-off versus Andrei Loktionov in Flames zone.
Goals for this period are 0 for Flames vs 1 for Sabres.
Shots for this period are 5 for Flames vs 5 for Sabres.